Map: Lost and Found LE

Players

Neeb - Winner!

  • Race: Protoss Protoss
  • Spawn Location: 7:00

iAsonu

  • Race: Zerg Zerg
  • Spawn Location: 1:00

Event: WCS Valencia 2018

VOD

Have the link to the VOD?

Description

Time

  • Played on: July 12, 2018, 1:10 p.m.
  • Length: 8:29

All games in this series

Show
View Real Time Build Order
Export as new Build Order

Neeb Protoss - Winner!

Build Orders: 1 Gate Expand, Oracle Opening, Phoenix Opening, Zealot Archon 

Get SALT Encoding   

  12  0:00  Probe  
  13  0:12  Probe  
  14  0:18  Pylon  
  14  0:24  Probe  
  15  0:35  Probe  
  15  0:41  Gateway  
  16  0:43  Probe  
  16  0:48  Assimilator  
  17  0:51  Probe  
  18  1:03  Probe  
  19  1:15  Probe  
  20  1:22  Nexus  
  20  1:32  Cybernetics Core  
  20  1:35  Probe  
  21  1:43  Assimilator  
  21  1:47  Probe  
  21  1:51  Pylon  
  22  1:58  Probe  
  22  2:00  Adept  
  23  2:06  Probe  
  23  2:14  Probe  
  26  2:22  Stargate  
  27  2:25  Probe  
  27  2:26  Adept  
  30  2:30  Probe  
  30  2:36  Warp Gate  
  31  2:38  Probe x2  
  33  2:48  Probe  
  33  2:50  Probe  
  35  2:53  Adept  
  37  3:00  Probe, Phoenix  
  37  3:02  Probe  
  39  3:09  Gateway  
  42  3:12  Probe  
  42  3:14  Probe  
  42  3:15  Pylon  
  42  3:19  Oracle  
  43  3:25  Probe  
  43  3:27  Probe  
  44  3:36  Assimilator  
  44  3:37  Assimilator, Probe  
  44  3:39  Probe  
  46  3:43  Gateway, Adept  
  48  3:49  Probe  
  48  3:51  Probe  
  48  3:55  Pylon  
  50  3:59  Oracle  
  50  4:01  Probe  
  54  4:08  Pylon  
  54  4:13  Probe x2  
  56  4:25  Probe x2  
  58  4:37  Robotics Facility, Probe x2, Pylon  
  60  4:40  Adept x3  
  66  4:47  Nexus  
  66  4:49  Probe  
  66  4:50  Pylon  
  67  4:53  Probe  
  68  5:00  Twilight Council  
  68  5:05  Adept x2  
  68  5:06  Adept  
  74  5:09  Probe  
  74  5:10  Probe  
  76  5:16  Immortal  
  76  5:21  Probe  
  77  5:23  Probe  
  77  5:24  Pylon  
  82  5:32  Pylon  
  82  5:33  Probe  
  82  5:35  Probe  
  84  5:43  Immortal  
  84  5:45  Probe  
  84  5:47  Probe  
  83  5:51  Charge  
  87  5:57  Templar Archives, Probe  
  87  5:59  Probe  
  87  6:00  Gateway  
  87  6:01  Gateway  
  89  6:09  Probe  
  89  6:10  Probe  
  89  6:12  Probe  
  89  6:16  Assimilator  
  89  6:17  Gateway  
  86  6:19  Immortal  
  86  6:20  Gateway  
  86  6:21  Assimilator  
  90  6:28  Gateway  
  90  6:32  Gateway, Probe  
  83  6:35  Probe  
  83  6:37  High Templar x3  
  83  6:39  Shield Battery  
  88  6:40  Probe  
  88  6:44  Probe  
  88  6:47  Pylon, Probe  
  91  6:51  Forge  
  91  6:53  Pylon  
  91  6:54  Warp Prism  
  91  6:55  Probe  
  91  6:58  High Templar x2, Pylon  
  98  7:13  High Templar  
  98  7:15  Zealot, High Templar x2  
  104  7:16  Zealot  
  104  7:20  Archon  
  104  7:21  Archon x2  
  104  7:22  Archon  
  108  7:23  Nexus  
  108  7:24  Observer, Pylon  
  108  7:27  Pylon  
  108  7:29  Sentry x2  
  113  7:37  Gateway  
  113  7:38  Gateway  
  113  7:49  Adept x2  
  113  7:50  Zealot x5  
  129  7:59  Probe x2  
  129  8:00  Probe  
  132  8:11  Zealot x6  
  132  8:12  Zealot x2  
Show
View Real Time Build Order
Export as new Build Order

iAsonu Zerg 

Build Orders: Hatch First 

Get SALT Encoding   

  12  0:01  Drone  
  13  0:13  Overlord  
  13  0:17  Drone  
  14  0:31  Drone x2  
  16  0:36  Drone  
  17  0:50  Hatchery  
  17  0:54  Drone  
  17  0:57  Drone  
  18  1:08  Extractor  
  17  1:12  Spawning Pool  
  17  1:14  Drone  
  17  1:18  Drone  
  18  1:29  Drone  
  19  1:40  Drone  
  20  1:50  Overlord  
  20  1:59  Queen  
  22  2:02  Queen  
  22  2:03  Zergling x2  
  22  2:04  Zergling x2  
  26  2:11  Metabolic Boost  
  26  2:13  Drone x2  
  28  2:23  Drone  
  28  2:26  Drone  
  30  2:39  Hatchery  
  30  2:41  Queen  
  30  2:43  Drone  
  32  2:47  Overlord  
  32  2:59  Drone x3  
  35  3:16  Drone x6  
  40  3:26  Spore Crawler  
  38  3:27  Drone  
  38  3:29  Overlord  
  38  3:31  Queen  
  41  3:35  Drone  
  41  3:39  Drone  
  41  3:40  Overlord x2  
  43  3:47  Lair  
  43  3:55  Drone x6  
  49  3:56  Spore Crawler  
  49  3:59  Spore Crawler  
  49  4:00  Drone  
  48  4:06  Extractor, Drone x3  
  48  4:07  Extractor  
  49  4:15  Drone x5  
  54  4:22  Drone  
  53  4:24  Drone x2  
  53  4:28  Roach Warren  
  53  4:30  Drone x2  
  54  4:32  Drone  
  54  4:33  Drone  
  54  4:34  Overlord  
  54  4:38  Drone  
  57  4:46  Hydralisk Den, Drone x4  
  57  4:51  Spore Crawler  
  59  4:55  Overlord  
  59  5:00  Drone  
  59  5:01  Drone x6  
  59  5:02  Drone  
  59  5:06  Extractor  
  66  5:07  Overlord  
  66  5:11  Overlord x2  
  66  5:19  Glial Reconstitution, Extractor  
  66  5:20  Extractor  
  64  5:23  Drone  
  64  5:24  Drone x6  
  64  5:26  Drone  
  72  5:30  Drone x3  
  72  5:35  Roach x3  
  81  5:42  Roach x3  
  81  5:47  Roach  
  73  5:55  Roach x4  
  80  6:02  Drone x2  
  81  6:09  Overlord  
  81  6:10  Drone x3  
  79  6:20  Drone x2  
  79  6:21  Drone  
  79  6:26  Drone  
  79  6:27  Drone  
  79  6:29  Drone x2  
  82  6:36  Drone x4  
  84  6:46  Drone x5  
  89  6:51  Drone x3  
  92  6:58  Drone x2  
  94  7:05  Overlord  
  94  7:07  Hatchery  
  94  7:08  Roach x2  
  97  7:12  Lurker Den  
  96  7:16  Overlord  
  96  7:19  Drone  
  96  7:20  Drone x3  
  100  7:23  Roach  
  100  7:26  Overseer  
  102  7:30  Roach  
  102  7:31  Roach x4  
  112  7:40  Overlord  
  112  7:41  Overlord  
  112  7:42  Roach x3  
  118  7:48  Extractor  
  118  7:49  Roach x2  
  121  7:51  Extractor, Overlord  
  121  7:54  Overlord  
  121  7:56  Ravager x2  
  122  8:00  Ravager x3  
  122  8:01  Ravager x9  
  122  8:02  Roach  
  122  8:03  Overlord  
Tags
 
Add a new tag
Caveats
  • Supply blocks, unpowered buildings, or Contaminate may cause inaccurate times.
  • Supply counts are checked every 10 seconds.